PA
IDAHO FALLS CHUKARS @ NEBRASKA PLAINSMEN
09/04/2020
 
TOP OF THE 1ST
Idaho Falls Chukars batting - Pitching for Nebraska Plainsmen : RHP Ken Shelton
Pitching: RHP Ken Shelton
Batting: RHB Trent Burch 0-0: Ball
1-0: Called Strike
1-1: Swinging Strike
1-2: DOUBLE (Line Drive, 89M)
Batting: RHB Enrique Martínez 0-0: Called Strike
0-1: Ball
1-1: Ball
2-1: Fly out, F7 (Line Drive, 7M)
Batting: RHB Ramiro Gonzáles 0-0: Foul Ball, location: 2F
0-1: Foul Ball, location: 2F
0-2: Strikes out looking
Batting: LHB Sean Angwin 0-0: Called Strike
0-1: Foul Ball, location: 2F
0-2: Strikes out swinging
Top of the 1st over - 0 run(s), 1 hit(s), 0 error(s), 1 left on base; Idaho Falls 0 - Nebraska 0
BOTTOM OF THE 1ST
Nebraska Plainsmen batting - Pitching for Idaho Falls Chukars : LHP Gerardo Carlos
Pitching: LHP Gerardo Carlos
Batting: RHB Young-hwan Hyon 0-0: Called Strike
0-1: Ball
1-1: Ground out U3 (Groundball, 3)
Batting: RHB Miguel Vásquez 0-0: Called Strike
0-1: Swinging Strike
0-2: Ball
1-2: Strikes out looking
Batting: SHB Jim Unknown 0-0: Ball
1-0: Ball
2-0: Ball
3-0: Base on Balls
Batting: RHB Jim Unknown 0-0: Ball
1-0: Foul Ball, location: 2F
1-1: Foul Ball, location: 2F
1-2: Reached on error, E5 (Groundball, 56S)
Jim Unknown to third
Batting: LHB Jim Unknown 0-0: Ball
1-0: Ball
2-0: Called Strike
2-1: Fly out, F8 (Flyball, 8RM)
Bottom of the 1st over - 0 run(s), 0 hit(s), 1 error(s), 2 left on base; Idaho Falls 0 - Nebraska 0
TOP OF THE 2ND
Idaho Falls Chukars batting - Pitching for Nebraska Plainsmen : RHP Ken Shelton
Batting: RHB Gerardo Gonzáles 0-0: Called Strike
0-1: Ball
1-1: Foul Ball, location: 2F
1-2: Hit by Pitch
Batting: RHB Jung-hwan Kwon 0-0: Ball
1-0: Fly out, F9 (Flyball, 89M)
Batting: RHB Carlos López 0-0: Called Strike
0-1: Foul Ball, location: 2F
0-2: Strikes out swinging
Batting: RHB Marcos Silva 0-0: Foul Ball, location: 2F
0-1: Ball
1-1: Swinging Strike
1-2: Strikes out swinging
Top of the 2nd over - 0 run(s), 0 hit(s), 0 error(s), 1 left on base; Idaho Falls 0 - Nebraska 0
BOTTOM OF THE 2ND
Nebraska Plainsmen batting - Pitching for Idaho Falls Chukars : LHP Gerardo Carlos
Batting: RHB Tomás Morán 0-0: Ball
1-0: Called Strike
1-1: Foul Ball, location: 2F
1-2: Strikes out swinging
Batting: LHB Jim Unknown 0-0: Ball
1-0: Foul Ball, location: 2F
1-1: Swinging Strike
1-2: Foul Ball, location: 2F
1-2: Ball
2-2: Ground out 1-3 (Groundball, 25)
Batting: RHB Jesús Martínez 0-0: Called Strike
0-1: Foul Ball, location: 2F
0-2: Ball
1-2: Fly out, F9 (Flyball, 9LD)
Bottom of the 2nd over - 0 run(s), 0 hit(s), 0 error(s), 0 left on base; Idaho Falls 0 - Nebraska 0
TOP OF THE 3RD
Idaho Falls Chukars batting - Pitching for Nebraska Plainsmen : RHP Ken Shelton
Batting: RHB Miguel Luna 0-0: SINGLE (Line Drive, 7LS)
Batting: RHB Trent Burch 0-0: Ball
1-0: Grounds into double play, 6-4-3 (Groundball, 6M)
Batting: RHB Enrique Martínez 0-0: Ball
1-0: Ball
2-0: Foul Ball, location: 2F
2-1: Swinging Strike
2-2: Strikes out swinging
Top of the 3rd over - 0 run(s), 1 hit(s), 0 error(s), 0 left on base; Idaho Falls 0 - Nebraska 0
BOTTOM OF THE 3RD
Nebraska Plainsmen batting - Pitching for Idaho Falls Chukars : LHP Gerardo Carlos
Batting: RHB Jim Unknown 0-0: Called Strike
0-1: Ball
1-1: Called Strike
1-2: Ball
2-2: Foul Ball, location: 2F
2-2: Ball
3-2: DOUBLE (Groundball, 5L)
Batting: RHB Young-hwan Hyon 0-0: Called Strike
0-1: Ball
1-1: Foul Ball, location: 2F
1-2: Foul Ball, location: 2F
1-2: Fly out, F9 (Flyball, 9LMF)
Batting: RHB Miguel Vásquez 0-0: Ball
1-0: Called Strike
1-1: Foul Ball, location: 2F
1-2: Foul Ball, location: 2F
1-2: Ball
2-2: SINGLE (Line Drive, 8LM)
Jim Unknown to third
Batting: SHB Jim Unknown 0-0: Fly out, F8 (Line Drive, 8LD)
Runner from 3rd tags up, SCORES, no throw
Batting: RHB Jim Unknown 0-0: Fly out, F4 (Popup, 34D)
Bottom of the 3rd over - 1 run(s), 2 hit(s), 0 error(s), 1 left on base; Idaho Falls 0 - Nebraska 1
TOP OF THE 4TH
Idaho Falls Chukars batting - Pitching for Nebraska Plainsmen : RHP Ken Shelton
Batting: RHB Ramiro Gonzáles 0-0: Foul Ball, location: 2F
0-1: Fly out, F7 (Line Drive, 78M)
Batting: LHB Sean Angwin 0-0: Ball
1-0: Ball
2-0: Ball
3-0: Base on Balls
Batting: RHB Gerardo Gonzáles 0-0: Called Strike
0-1: Ball
1-1: Foul Ball, location: 2F
1-2: Strikes out swinging
Batting: RHB Jung-hwan Kwon 0-0: Called Strike
0-1: Swinging Strike
0-2: Ball
1-2: Strikes out looking
Top of the 4th over - 0 run(s), 0 hit(s), 0 error(s), 1 left on base; Idaho Falls 0 - Nebraska 1
BOTTOM OF THE 4TH
Nebraska Plainsmen batting - Pitching for Idaho Falls Chukars : LHP Gerardo Carlos
Batting: LHB Jim Unknown 0-0: Ball
1-0: Ball
2-0: Ball
3-0: Base on Balls
Batting: RHB Tomás Morán 0-0: SINGLE (Groundball, 56D) (infield hit)
Jim Unknown to second
Batting: LHB Jim Unknown 0-0: SINGLE (Groundball, 34D)
Jim Unknown to third
Tomás Morán to second
Batting: RHB Jesús Martínez 0-0: Swinging Strike
0-1: Ball
1-1: Ball
2-1: Called Strike
2-2: SINGLE (Line Drive, 56D)
Jim Unknown scores
Tomás Morán to third
Jim Unknown to second
Runner from 3rd tries for Home, throw and OUT!
Batting: RHB Jim Unknown 0-0: Called Strike
0-1: 3-RUN HOME RUN (Flyball, 7LD), Distance : 378 ft
Batting: RHB Young-hwan Hyon 0-0: Swinging Strike
0-1: Foul Ball, location: 2F
0-2: Fly out, F8 (Flyball, 8RM)
Batting: RHB Miguel Vásquez 0-0: Foul Ball, location: 2F
0-1: Ball
1-1: Called Strike
1-2: Ball
2-2: Ball
3-2: Strikes out swinging
Bottom of the 4th over - 4 run(s), 4 hit(s), 0 error(s), 0 left on base; Idaho Falls 0 - Nebraska 5
TOP OF THE 5TH
Idaho Falls Chukars batting - Pitching for Nebraska Plainsmen : RHP Ken Shelton
Batting: RHB Carlos López 0-0: Called Strike
0-1: Ball
1-1: Ball
2-1: Ball
3-1: Base on Balls
Batting: RHB Marcos Silva 0-0: Called Strike
0-1: SINGLE (Line Drive, 89S)
Carlos López to second
Batting: RHB Miguel Luna 0-0: Foul Ball, location: 2F
0-1: Foul Ball, location: 2F
0-2: Ball
1-2: Strikes out swinging
Batting: RHB Trent Burch 0-0: Foul Ball, location: 2F
0-1: Ball
1-1: Called Strike
1-2: Ball
2-2: Ball
3-2: Base on Balls
Carlos López to third
Marcos Silva to second
Batting: RHB Enrique Martínez 0-0: Ball
1-0: Called Strike
1-1: Called Strike
1-2: Strikes out looking
Batting: RHB Ramiro Gonzáles 0-0: Swinging Strike
0-1: Foul Ball, location: 2F
0-2: Ball
1-2: Ball
2-2: Fly out, F9 (Flyball, 9M)
Top of the 5th over - 0 run(s), 1 hit(s), 0 error(s), 3 left on base; Idaho Falls 0 - Nebraska 5
BOTTOM OF THE 5TH
Nebraska Plainsmen batting - Pitching for Idaho Falls Chukars : LHP Gerardo Carlos
Batting: SHB Jim Unknown 0-0: Ball
1-0: Called Strike
1-1: Ball
2-1: Foul Ball, location: 2F
2-2: Strikes out looking
Batting: RHB Jim Unknown 0-0: Foul Ball, location: 2F
0-1: SINGLE (Groundball, 56D)
Batting: LHB Jim Unknown 0-0: Foul Ball, location: 2F
0-1: Ball
1-1: SINGLE (Groundball, 6MD)
Jim Unknown to second
Batting: RHB Tomás Morán 0-0: Ball
1-0: Called Strike
1-1: Foul Ball, location: 2F
1-2: Ball
2-2: Strikes out swinging
Batting: LHB Jim Unknown 0-0: Called Strike
0-1: Ball
1-1: Foul Ball, location: 2F
1-2: Ball
2-2: Foul Ball, location: 2F
2-2: SINGLE (Flyball, 6MD)
Jim Unknown to third
Jim Unknown to second
Runner from 3rd tries for Home, SAFE, no throw or cutoff
Pitching: LHP Heng-zong Xie
Batting: RHB Jesús Martínez 0-0: Ball
1-0: Called Strike
1-1: Foul Ball, location: 2F
1-2: Ball
2-2: Ball
3-2: Fly out, F9 (Flyball, 89XD)
Bottom of the 5th over - 1 run(s), 3 hit(s), 0 error(s), 2 left on base; Idaho Falls 0 - Nebraska 6
TOP OF THE 6TH
Idaho Falls Chukars batting - Pitching for Nebraska Plainsmen : RHP Ken Shelton
Batting: LHB Sean Angwin 0-0: Fly out, F7 (Flyball, 7M)
Batting: RHB Gerardo Gonzáles 0-0: Ball
1-0: Foul Ball, location: 2F
1-1: Ground out 1-3 (Groundball, 15)
Batting: RHB Jung-hwan Kwon 0-0: Called Strike
0-1: Foul Ball, location: 2F
0-2: Ball
1-2: SINGLE (Flyball, 9M)
Batting: RHB Carlos López 0-0: Ball
1-0: Called Strike
1-1: Foul Ball, location: 2F
1-2: Strikes out looking
Top of the 6th over - 0 run(s), 1 hit(s), 0 error(s), 1 left on base; Idaho Falls 0 - Nebraska 6
BOTTOM OF THE 6TH
Nebraska Plainsmen batting - Pitching for Idaho Falls Chukars : LHP Heng-zong Xie
Batting: RHB Jim Unknown 0-0: DOUBLE (Flyball, 8LXD)
Batting: RHB Young-hwan Hyon 0-0: Bunted foul
0-1: Ball
1-1: Bunt missed!
1-2: Ground out 6-3 (Groundball, 6M)
Jim Unknown to third
Batting: RHB Miguel Vásquez 0-0: Hit by Pitch
Batting: SHB Jim Unknown 0-0: Called Strike
0-1: Swinging Strike
0-2: Strikes out looking
Batting: RHB Jim Unknown 0-0: Foul Ball, location: 2F
0-1: Fly out, F9 (Flyball, 9M)
Bottom of the 6th over - 0 run(s), 1 hit(s), 0 error(s), 2 left on base; Idaho Falls 0 - Nebraska 6
TOP OF THE 7TH
Idaho Falls Chukars batting - Pitching for Nebraska Plainsmen : RHP Ken Shelton
Batting: RHB Marcos Silva 0-0: Ball
1-0: Foul Ball, location: 2F
1-1: SINGLE (Line Drive, 7S)
Batting: RHB Miguel Luna 0-0: Ball
1-0: Called Strike
1-1: Grounds into double play, 4-6-3 (Groundball, 4)
Batting: RHB Trent Burch 0-0: Ball
1-0: Ball
2-0: DOUBLE (Line Drive, 7LM)
Batting: RHB Enrique Martínez 0-0: Called Strike
0-1: Called Strike
0-2: Ball
1-2: Ball
2-2: Ground out 5-3 (Groundball, 56)
Top of the 7th over - 0 run(s), 2 hit(s), 0 error(s), 1 left on base; Idaho Falls 0 - Nebraska 6
BOTTOM OF THE 7TH
Nebraska Plainsmen batting - Pitching for Idaho Falls Chukars : LHP Heng-zong Xie
Batting: LHB Jim Unknown 0-0: Called Strike
0-1: Called Strike
0-2: Ball
1-2: Ball
2-2: Ball
3-2: Strikes out swinging
Batting: RHB Tomás Morán 0-0: Called Strike
0-1: Foul Ball, location: 2F
0-2: SINGLE (Line Drive, 7S)
Batting: LHB Jim Unknown 0-0: Called Strike
0-1: Grounds into double play, 4-6-3 (Groundball, 4)
Bottom of the 7th over - 0 run(s), 1 hit(s), 0 error(s), 0 left on base; Idaho Falls 0 - Nebraska 6
TOP OF THE 8TH
Idaho Falls Chukars batting - Pitching for Nebraska Plainsmen : RHP Ken Shelton
Batting: RHB Ramiro Gonzáles 0-0: Ball
1-0: Foul Ball, location: 2F
1-1: Swinging Strike
1-2: Fly out, F7 (Flyball, 7M)
Batting: LHB Sean Angwin 0-0: Called Strike
0-1: Ball
1-1: SINGLE (Groundball, 34D)
Batting: RHB Gerardo Gonzáles 0-0: Ball
1-0: SINGLE (Line Drive, 6M)
Sean Angwin to second
Batting: RHB Jung-hwan Kwon 0-0: Called Strike
0-1: Ball
1-1: Swinging Strike
1-2: Ball
2-2: Strikes out swinging
Batting: RHB Carlos López 0-0: Called Strike
0-1: Foul Ball, location: 2F
0-2: Ball
1-2: Strikes out swinging
Top of the 8th over - 0 run(s), 2 hit(s), 0 error(s), 2 left on base; Idaho Falls 0 - Nebraska 6
BOTTOM OF THE 8TH
Nebraska Plainsmen batting - Pitching for Idaho Falls Chukars : LHP Heng-zong Xie
Batting: RHB Jesús Martínez 0-0: Foul Ball, location: 2F
0-1: Ball
1-1: Called Strike
1-2: SINGLE (Groundball, 56D)
Batting: RHB Jim Unknown 0-0: Ball
1-0: Ball
2-0: Sac Bunt - play at second, runner OUT! 1-6
Batting: RHB Young-hwan Hyon 0-0: Ball
1-0: Called Strike
1-1: Foul Ball, location: 2F
1-2: Ball
2-2: Foul Ball, location: 2F
2-2: Strikes out swinging
Batting: RHB Miguel Vásquez 0-0: Ball
1-0: SINGLE (Line Drive, 89S)
Jim Unknown to second
Batting: SHB Jim Unknown 0-0: Called Strike
0-1: Ball
1-1: Swinging Strike
1-2: Foul Ball, location: 2F
1-2: Ball
2-2: Strikes out swinging
Bottom of the 8th over - 0 run(s), 2 hit(s), 0 error(s), 2 left on base; Idaho Falls 0 - Nebraska 6
TOP OF THE 9TH
Idaho Falls Chukars batting - Pitching for Nebraska Plainsmen : RHP Ken Shelton
Batting: RHB Marcos Silva 0-0: Called Strike
0-1: Ball
1-1: SINGLE (Line Drive, 56)
Batting: RHB Miguel Luna 0-0: Fly out, F3 (Line Drive, 3L)
Batting: RHB Trent Burch 0-0: Ball
1-0: SINGLE (Groundball, 56D)
Marcos Silva to second
Batting: RHB Enrique Martínez 0-0: Called Strike
0-1: Ball
1-1: Ground out 5-3 (Groundball, 5S)
Marcos Silva to third
Trent Burch to second
Batting: RHB Ramiro Gonzáles 0-0: Ball
1-0: Foul Ball, location: 2F
1-1: Foul Ball, location: 2F
1-2: Strikes out swinging
Top of the 9th over - 0 run(s), 2 hit(s), 0 error(s), 2 left on base; Idaho Falls 0 - Nebraska 6
This league is powered by Out of the Park Baseball, the baseball management simulation game for PC, Mac and Linux
Friday, October 23rd, 2015 - OOTP Baseball 16.9 Build 39